 Dungeon Crawl Stone Soup version 0.24.0-125-gc4c63601f3 (webtiles) character file.

Game seed: 7478071497588658584, levelgen mode: deterministic

16770 ANON1729 the Geomancer (level 12, -11/80 HPs)
             Began as an Octopode Earth Elementalist on Mar 5, 2020.
             Mangled by a queen bee (14 damage)
             ... on level 3 of the Lair of Beasts.
             The game lasted 00:41:24 (17084 turns).

ANON1729 the Geomancer (OpEE)                      Turns: 17084, Time: 00:41:25

Health: -11/80     AC:  1    Str:  9    XL:     12   Next: 41%
Magic:  19/21      EV: 16    Int: 21    God:
Gold:   692        SH:  0    Dex: 12    Spells: 4/23 levels left

rFire    . . .     SeeInvis .   t - +2 dagger (protect)
rCold    . . .     Gourm    .   (no shield)
rNeg     . . .     Faith    .   (helmet restricted)
rPois    +         Spirit   .   E - amulet of magic regeneration
rElec    .         Reflect  .   u - ring of stealth
rCorr    .         Harm     .   P - ring of poison resistance
MR       .....                  (no ring)
Stlth    ++++++....             (no ring)
HPRegen  0.23/turn              (no ring)
MPRegen  0.42/turn              (no ring)
                                (no ring)
                                (no ring)

@: about to teleport
A: almost no armour, stealthy swim, amphibious, 8 rings, constrict 8, camouflage
1, gelatinous body 1
a: no special abilities


You were on level 3 of the Lair of Beasts.
You were not hungry.

You visited 3 branches of the dungeon, and saw 13 of its levels.

You collected 692 gold pieces.

Inventory:

Hand Weapons
 d - a +0 dagger
 t - a +2 dagger of protection (weapon)
 y - a +1 falchion of flaming
 D - a +0 whip of electrocution
 H - a +4 dagger
Missiles
 b - 38 stones (quivered)
 F - 2 throwing nets
Armour
 a - a +0 buckler
Jewellery
 u - a ring of stealth (left tentacle)
 E - an amulet of magic regeneration (around mantle)
 P - a ring of poison resistance (right tentacle)
Wands
 C - a wand of digging (13)
 G - a wand of random effects (21)
 J - a wand of scattershot (10)
 K - a wand of clouds (3)
 L - a wand of acid (10)
 M - a wand of iceblast (8)
 N - a wand of polymorph (6)
Scrolls
 g - 7 scrolls of teleportation
 h - 3 scrolls of remove curse
 j - 13 scrolls of identify {unknown}
 k - 2 scrolls of noise
 m - a scroll of immolation {unknown}
 n - 2 scrolls of amnesia {unknown}
 p - 2 scrolls of enchant weapon {unknown}
 q - a scroll of fear {unknown}
 v - a scroll of fog {unknown}
 z - a scroll of magic mapping {unknown}
 O - a scroll of holy word {unknown}
Potions
 e - a potion of flight {unknown}
 i - 3 potions of magic
 l - a potion of heal wounds {unknown}
 o - 2 potions of mutation {unknown}
 s - 4 potions of lignification {unknown}
 w - a potion of might {unknown}
 x - 4 potions of curing {unknown}
 A - a potion of haste
 B - a potion of cancellation {unknown}
 I - a potion of berserk rage {unknown}
Miscellaneous
 Q - a box of beasts
Comestibles
 c - 19 rations


   Skills:
 + Level 6.5 Fighting
 + Level 4.6 Short Blades
 + Level 7.0 Dodging
 + Level 9.7 Stealth
 - Level 5.0 Unarmed Combat
 + Level 6.4 Spellcasting
 + Level 1.1 Conjurations
 * Level 9.2 Transmutations
 + Level 1.0 Fire Magic
 * Level 10.0 Earth Magic


You had 4 spell levels left.
You knew the following spells:

 Your Spells              Type           Power        Failure   Level  Hunger
a - Sandblast             Erth           #####.       1%          1    None
b - Passwall              Tmut/Erth      #####...     1%          2    None
c - Petrify               Tmut/Erth      #####...     1%          4    ###....
d - Stone Arrow           Conj/Erth      ####..       2%          3    #......
e - Lee's Rapid Deconstr  Erth           #####.....   4%          5    #####..
f - Sticky Flame          Conj/Fire      ##......     52%         4    ###....

Your spell library contained the following spells:

 Spells                   Type           Power        Failure   Level  Hunger
 Flame Tongue             Conj/Fire      ##...        6%          1    None
 Throw Flame              Conj/Fire      ##....       9%          2    None
 Confusing Touch          Hex            #.....       10%         1    None
 Corona                   Hex            #......      10%         1    None
 Ensorcelled Hibernation  Hex/Ice        #.....       14%         2    None
 Conjure Flame            Conj/Fire      ##......     19%         3    #......
 Dazzling Spray           Conj/Hex       #.....       22%         3    #......
 Inner Flame              Hex/Fire       #.......     22%         3    #......
 Confuse                  Hex            #.......     28%         3    #......
 Gell's Gravitas          Tloc           #.........   28%         3    #......
 Tukima's Dance           Hex            #.......     28%         3    #......
 Borgnjor's Vile Clutch   Necr/Erth      ####......   32%         5    #####..
 Yara's Violent Unravell  Hex/Tmut       ####......   36%         5    #####..
 Fireball                 Conj/Fire      ##........   86%         5    #####..
 Metabolic Englaciation   Hex/Ice        #.........   95%         5    #####..
 Silence                  Hex/Air        #.........   95%         5    #####..
 Darkness                 Hex            #.........   100%        6    ######.
 Shadow Creatures         Summ           N/A          100%        6    ######.


Dungeon Overview and Level Annotations

Branches:
Dungeon (9/15)             Temple (1/1) D:4            Lair (3/6) D:9
  Swamp: Lair:2-4    Shoals: Lair:2-4     Snake: Lair:2-4    Spider: Lair:2-4
    Orc: D:9-12

Altars:
Ashenzari
Cheibriados
Dithmenos
Elyvilon
Fedhas
Gozag
Hepliaklqana
Kikubaaqudgha
Makhleb
Nemelex Xobeh
Okawaru
Qazlal
Ru
Sif Muna
Trog
Uskayaw
Vehumet
Wu Jian
Xom
Yredelemnul
Zin
The Shining One

Annotations:
D:4 2 transporters, Xerdoz's ghost, novice NaWz
D:5 3 runed translucent doors, dogstar's ghost, amateur CeHu


Innate Abilities, Weirdness & Mutations

You cannot wear most types of armour.
You are very stealthy in the water. (Stealth+)
You are amphibious.
You can wear up to eight rings at the same time.
You can use your tentacles to constrict eight enemies at once.
Your skin changes colour to match your surroundings (Stealth+).
Your rubbery body absorbs attacks. (AC +1, EV +1)


Message History

Here: a queen bee A ration.
The floor.
Unknown command.
Okay, then.
Casting: Sandblast (safe; 1% risk of failure)
Confirm with . or Enter, or press ? or * to list all spells.
Okay, then.
Okay, then.
Casting: Sandblast (safe; 1% risk of failure)
Confirm with . or Enter, or press ? or * to list all spells.
Aiming: Passwall (safe; 1% risk of failure)
Press: ? - help, Dir - move target cursor A rock wall.
The killer bee completely misses you. The killer bee closely misses you.
The killer bee barely misses you. The killer bee completely misses you.
The killer bee stings you.
* * * LOW HITPOINT WARNING * * *
The queen bee stings you!
You die... ### ..# #y##### #yyyy%# #yyyy.#

#@yyyy#.... #... ..#yyyy.#...
.#....##.#######... .
#...F.....#.P..# ##..# #.
##..............## #...# #..
#..y.....F....... #..# #...
.....^.......P..######..#####....
....##.....P.....#.#S#...........
...8..........F.§F.FF............


You could see a queen bee and 16 killer bees.

Vanquished Creatures
  Harold (D:7)
  A hydra (Lair:3)
  A two-headed ogre (D:9)
  A queen ant (Lair:3)
  Pikel (D:7)
  A black mamba (Lair:2)
  2 spiny frogs (Lair:2)
  2 centaur skeletons
  A gargoyle (D:8)
  A torpor snail (Lair:2)
  2 komodo dragons (Lair:2)
  2 hornets (D:8)
  4 hippogriffs
  A basilisk (Lair:1)
  29 yaks
  Menkaure (D:7)
  Duvessa (D:7)
  6 soldier ants (Lair:3)
  5 porcupines
  A water moccasin (Lair:2)
  2 orc warriors
  2 ice beasts
  A sky beast (D:9)
  A black bear (D:8)
  5 ogres
  7 centaurs
  6 crocodiles
  A big kobold (D:8)
  7 bullfrogs
  A wyvern zombie (D:8)
  Dowan (D:7)
  2 scorpions
  5 crimson imps
  3 centaur zombies
  A quasit (D:9)
  2 bullfrog skeletons
  3 hounds
  2 jellies
  7 orc priests
  7 orc wizards
  Jessica (D:2)
  2 iguanas (D:8)
  27 worker ants
  A hound skeleton (D:4)
  A gnoll (D:1)
  5 adders
  3 shadow imps
  An ooze (D:6)
  An adder skeleton (D:6)
  4 worms
  3 dart slugs
  6 leopard geckos
  20 orcs
  4 ball pythons
  7 bats
  5 giant cockroaches
  11 hobgoblins
  13 jackals
  10 kobolds
  7 quokkas
  3 frilled lizards
  8 goblins
  A jackal skeleton (D:9)
  A leopard gecko skeleton (D:4)
  A leopard gecko zombie (D:9)
  2 quokka skeletons (D:4)
  3 quokka zombies (D:5)
  7 rats
288 creatures vanquished.

Vanquished Creatures (others)
  A centaur (D:7)
  A crimson imp (D:7)
  An orc (D:8)
  2 fungi
  2 plants
7 creatures vanquished.

Grand Total: 295 creatures vanquished

Notes
Turn   | Place    | Note
-------+----------+-------------------------------------------
     0 | D:1      | ANON1729 the Octopode Earth Elementalist began the quest
                  | for the Orb.
     0 | D:1      | Reached XP level 1. HP: 11/11 MP: 3/3
    90 | D:1      | Reached XP level 2. HP: 14/17 MP: 5/5
   206 | D:1      | Learned a level 2 spell: Passwall
   745 | D:1      | Reached XP level 3. HP: 22/22 MP: 6/6
  1669 | D:2      | Reached XP level 4. HP: 25/27 MP: 7/7
  1689 | D:2      | Noticed Jessica
  1701 | D:2      | Killed Jessica
  1701 | D:2      | Reached skill level 1 in Fighting
  2003 | D:2      | Reached skill level 1 in Unarmed Combat
  2735 | D:3      | Found a basalt altar of Yredelemnul.
  2736 | D:3      | Found a hazy altar of Hepliaklqana.
  2736 | D:3      | Found an opulent altar of Gozag.
  2737 | D:3      | Found a stormy altar of Qazlal.
  2970 | D:3      | Reached XP level 5. HP: 9/33 MP: 4/8
  3887 | D:4      | Found a staircase to the Ecumenical Temple.
  3897 | Temple   | Entered the Ecumenical Temple
  3901 | Temple   | Reached skill level 4 in Earth Magic
  4032 | D:4      | Noticed an ogre
  4059 | Temple   | Learned a level 4 spell: Petrify
  4148 | D:4      | Killed an ogre
  4148 | D:4      | Reached XP level 6. HP: 8/38 MP: 4/10
  4630 | D:4      | Noticed a phantom
  4645 | D:4      | Found a transporter.
  4647 | D:4      | Found a transporter.
  4648 | D:4      | Noticed Xerdoz's ghost (novice NaWz)
  5114 | D:5      | Entered Level 5 of the Dungeon
  5114 | D:5      | Found a hide-covered altar of Uskayaw.
  5114 | D:5      | Noticed a +0 dagger
  5116 | D:5      | Noticed a +0 dagger
  5139 | D:5      | Reached XP level 7. HP: 32/45 MP: 9/11
  5646 | D:5      | Reached skill level 5 in Earth Magic
  5868 | D:5      | Found a bloodstained altar of Trog.
  5875 | D:5      | Reached XP level 8. HP: 50/51 MP: 13/13
  5918 | D:5      | Reached skill level 5 in Stealth
  6175 | D:5      | Found a runed translucent gate.
  6175 | D:5      | Found a runed translucent gate.
  6175 | D:5      | Found a runed translucent gate.
  6175 | D:5      | Noticed dogstar's ghost (amateur CeHu)
  6787 | D:6      | Found a blossoming altar of Fedhas.
  7420 | D:6      | Found a shimmering altar of Xom.
  7664 | D:7      | Reached skill level 6 in Earth Magic
  7751 | D:7      | Found Fyohuty's General Store.
  7754 | D:7      | Noticed Pikel
  7802 | D:7      | Noticed a hippogriff
  7818 | D:7      | Killed a hippogriff
  7818 | D:7      | Reached XP level 9. HP: 55/57 MP: 1/15
  7926 | D:7      | Killed Pikel
  7926 | D:7      | Reached skill level 5 in Transmutations
  7988 | D:7      | Noticed Duvessa
  7990 | D:7      | Noticed Dowan
  8208 | D:7      | Noticed Menkaure
  8220 | D:7      | Killed Menkaure
  8442 | D:7      | Noticed Harold
  8457 | D:7      | Killed Harold
  8457 | D:7      | Reached skill level 5 in Dodging
  8457 | D:7      | Reached skill level 7 in Earth Magic
  8457 | D:7      | Reached XP level 10. HP: 63/65 MP: 13/17
  8465 | D:7      | Learned a level 5 spell: Lee's Rapid Deconstruction
  8490 | D:7      | Killed Duvessa
  8496 | D:7      | Killed Dowan
  9166 | D:8      | Reached skill level 1 in Short Blades
  9450 | D:8      | Noticed a gargoyle
  9452 | D:8      | Killed a gargoyle
  9452 | D:8      | Reached skill level 5 in Spellcasting
  9472 | D:8      | Learned a level 3 spell: Stone Arrow
 10153 | D:8      | Reached skill level 8 in Earth Magic
 10587 | D:8      | Reached skill level 5 in Fighting
 11619 | D:9      | Reached skill level 5 in Unarmed Combat
 11925 | D:9      | Found a staircase to the Lair.
 12167 | D:9      | Noticed a two-headed ogre
 12206 | D:9      | Killed a two-headed ogre
 12206 | D:9      | Reached XP level 11. HP: 68/72 MP: 11/19
 12508 | Lair:1   | Entered Level 1 of the Lair of Beasts
 12577 | Lair:1   | Noticed a five-headed hydra
 13018 | Lair:1   | You fall into a shaft and drop 1 floor!
 13081 | Lair:2   | Reached skill level 9 in Earth Magic
 15021 | Lair:2   | Reached XP level 12. HP: 79/79 MP: 12/21
 15190 | Lair:3   | Noticed a queen ant
 15213 | Lair:3   | Killed a queen ant
 15320 | Lair:2   | Learned a level 4 spell: Sticky Flame
 16029 | Lair:3   | Noticed a seven-headed hydra
 16048 | Lair:3   | Killed a seven-headed hydra
 16048 | Lair:3   | Reached skill level 1 in Conjurations
 16689 | Lair:2   | Reached skill level 1 in Fire Magic
 16824 | Lair:3   | Reached skill level 10 in Earth Magic
 17084 | Lair:3   | HP: 3/80 [killer bee (3)]
 17084 | Lair:3   | Mangled by a queen bee

Levels and vault maps discovered:
D:1:      mrwooster_arrival_statue, layout_basic
D:2:      layout_loops_ring, first_ration, uniq_jessica
D:3:      layout_basic, chequers_temple_overflow_statue_of_worship,
          small_statue_intersection, nrook_mini_backslash
D:4:      layout_cave_pools, minmay_temple_entry_glass,
          gammafunk_ghost_mausoleum
D:5:      layout_basic, dancing_weapons_uskayaw, kennysheep_mini,
          ebering_ghost_rock_garden
D:6:      layout_basic, overflow_temple_1_default, lemuel_doored_altar
D:7:      layout_loops_ring, serial_rivers, chequers_serial_rivers_large_b,
          chequers_serial_rivers_small_3, chequers_serial_rivers_micro_b,
          chequers_serial_rivers_micro_d, serial_shops, shop,
          serial_bayou_crossing, uniq_harold, uniq_duvessa, uniq_menkaure,
          uniq_pikel
D:8:      layout_basic, hangedman_pestilent_swarm
D:9:      layout_basic, david_lair_generic
Temple:   zaba_magenta_temple
Lair:1:   layout_regular_city, infiniplex_staircase_pool_2, grunt_megastairs_2
Lair:2:   layout_cave_pods, serial_bayou_pond_b
Lair:3:   layout_gridlike, special_room [special_room_bee],
          minmay_another_anthill, lemuel_fruit_tree, grunt_megastairs_1,
          serial_bayou_shore_b

Skill      XL: |  1  2  3  4  5  6  7  8  9 10 11 12 |
---------------+-------------------------------------+-----
Stealth        | 3 4 5 6 8 9 |  9.7
Fighting       | 1 2 3 4 5 6 |  6.5
Unarmed Combat | 1 2 3 4 5 |  5.0
Earth Magic    | 4 5 6 7 8 9 10 | 10.0
Transmutations | 2 3 4 6 7 8 9 |  9.2
Dodging        | 3 4 5 6 7 |  7.0
Spellcasting   | 3 4 5 6 |  6.4
Short Blades   | 2 4 |  4.6
Conjurations   | 1 |  1.1
Fire Magic     | 1 |  1.0

Action                   |  1- 3 |  4- 6 |  7- 9 | 10-12 || total
-------------------------+-------+-------+-------+-------++-------
Melee: Unarmed           |    11 |       |       |       ||    11
       Constrict         |    15 |    27 |    26 |    47 ||   115
       Tentacles         |     9 |    18 |    34 |    78 ||   139
       Dagger            |    50 |   123 |   164 |   296 ||   633
       Punch             |       |     1 |     7 |    17 ||    25
 Cast: Sandblast         |     5 |    28 |    39 |   114 ||   186
       Petrify           |       |       |    19 |   102 ||   121
       Lee's Rapid Decon |       |       |       |    15 ||    15
       Passwall          |       |       |       |     3 ||     3
Evoke: Wand              |       |       |       |     1 ||     1
  Use: Potion            |       |     3 |       |     2 ||     5
       Scroll            |       |     1 |     1 |     5 ||     7
 Stab: Sleeping          |    17 |     9 |    16 |    16 ||    58
       Petrified         |       |       |    39 |    96 ||   135
       Petrifying        |       |       |     1 |     9 ||    10
       Distracted        |       |       |       |     1 ||     1
  Eat: Chunk             |     2 |    11 |    11 |    26 ||    50
       Ration            |       |       |     1 |     6 ||     7
Armor: Skin              |     1 |    12 |    29 |    42 ||    84
Dodge: Dodged            |    31 |   103 |    93 |   202 ||   429
